 Dungeon Crawl Stone Soup version 0.23-a0-565-g3e74e4c (webtiles) character file.

35 Leeroy the Charmwright (level 3, 0/28 HPs)
             Began as a Merfolk Skald on Dec 13, 2018.
             Slain by a hobgoblin (4 damage)
             ... on level 2 of the Dungeon.
             The game lasted 00:03:38 (1173 turns).

Leeroy the Charmwright (Merfolk Skald)              Turns: 1173, Time: 00:03:39

Health: 0/28       AC:  3    Str: 12    XL:     3   Next: 35%
Magic:  6/6        EV: 18    Int: 12    God:
Gold:   23         SH:  0    Dex: 18    Spells: 5/6 levels left

rFire    . . .     SeeInvis .   a - +0 falchion
rCold    . . .     Gourm    .   (no shield)
rNeg     . . .     Faith    .   b - +0 leather armour
rPois    .         Spirit   .   (no helmet)
rElec    .         Reflect  .   (no cloak)
rCorr    .         Harm     .   (no gloves)
MR       .....                  (no boots)
Stlth    +++.......             (no amulet)
HPRegen  0.09/turn              (no ring)
MPRegen  0.10/turn              (no ring)

@: agile
A: change form in water, swift swim, stealthy swim
a: no special abilities


You were on level 2 of the Dungeon.
You were not hungry.

You visited 1 branch of the dungeon, and saw 2 of its levels.

You collected 23 gold pieces.

Inventory:

Hand Weapons
 a - a +0 falchion (weapon)
 e - a +0 dagger
 g - a +0 whip
 k - a +0 short sword
 m - a +0 hand axe
Armour
 b - a +0 leather armour (worn)
 l - a +0 chain mail
Scrolls
 c - 5 scrolls of identify {unknown}
 h - a scroll of random uselessness {unknown}
 j - a scroll of enchant armour {unknown}
Potions
 f - a potion of agility
 i - a potion of lignification {unknown}
 o - a potion of curing {unknown}
Comestibles
 d - 3 rations
 n - 5 chunks of flesh


   Skills:
 + Level 2.3 Fighting
 * Level 2.9 Long Blades
 - Level 0.6 Armour
 + Level 2.9 Dodging
 * Level 1.3 Stealth
 + Level 2.1 Spellcasting
 + Level 3.7 Charms


You had 5 spell levels left.
You knew the following spells:

 Your Spells              Type           Power        Failure   Level  Hunger
a - Infusion              Chrm           ##..         8%          1    ##.....

Your spell library contained the following spells:

 Spells                   Type           Power        Failure   Level  Hunger
 Song of Slaying          Chrm           ##......     11%         2    ###....
 Shroud of Golubria       Chrm/Tloc      #.........   24%         2    ###....
 Regeneration             Chrm/Necr      #.........   43%         3    ####...
 Spectral Weapon          Hex/Chrm       #.......     43%         3    ####...


Dungeon Overview and Level Annotations

Branches:
Dungeon (2/15)

Altars:


Message History

A hobgoblin comes into view.
The hobgoblin shouts!
There is a stone staircase leading down here.
Casting: Infusion (safe; 8% risk of failure)
Confirm with . or Enter, or press ? or * to list all spells.
Okay, then.
Memorise Song of Slaying, consuming 2 spell levels and leaving 3?
You start memorising the spell.
You continue memorising. x2
The hobgoblin hits you.
Your memorisation is interrupted.
* * * LOW HITPOINT WARNING * * *
Casting: Infusion (safe; 8% risk of failure)
Confirm with . or Enter, or press ? or * to list all spells.
Okay, then.
Okay, then.
It was a potion of agility.
You feel agile all of a sudden. The hobgoblin hits you.
* * * LOW HITPOINT WARNING * * *
You barely miss the hobgoblin. The hobgoblin hits you.
You die...

..
#.#########
#.#....g..#
#.#.#####.#
#.#.##.# .#
######.#.##.#
.#
...........>#
g#
#####...##g#
.# #...##@#
.# #...##.#
.# #...##.#
#...##..
#...####
#...# #...#
##...# #....#


You could see a hobgoblin.

Vanquished Creatures
  2 adders (D:2)
  A dart slug (D:1)
  2 leopard geckos
  3 goblins
  A hobgoblin (D:1)
  3 bats (D:2)
  2 kobolds (D:1)
  A rat (D:1)
15 creatures vanquished.

Notes
Turn   | Place    | Note
-------+----------+-------------------------------------------
     0 | D:1      | Leeroy the Merfolk Skald began the quest for the Orb.
     0 | D:1      | Reached XP level 1. HP: 16/16 MP: 3/3
   551 | D:1      | Reached XP level 2. HP: 14/22 MP: 5/5
   961 | D:2      | Reached skill level 1 in Stealth
  1125 | D:2      | Reached XP level 3. HP: 16/28 MP: 6/6
  1173 | D:2      | Slain by a hobgoblin

Vault maps used:
D:1:      arrival_zaba_pyramid

Skill      XL: |  1  2 |
---------------+-------+-----
Stealth        | 1 |  1.3
Fighting       | |  2.3
Long Blades    | |  2.9
Armour         | |  0.6
Dodging        | |  2.9
Spellcasting   | |  2.1
Charms         | |  3.7

Action                   || total
-------------------------++-------
Melee: Falchion          ||    47
  Use: Potion            ||     1
  Eat: Chunk             ||     1
Armor: Leather armour    ||    10
Dodge: Dodged            ||    30
       Rpst.: Falchion   ||     8

Table legend:
 A = Non-vault XP
 B = Vault XP
 C = Vault XP percentage of total XP
 D = Non-vault monster count
 E = Vault monster count
 F = Vault count percentage of total count
                 A         B        C        D         E       F
            +---------+---------+-------+---------+---------+-------
      Total |      51 |       0 |   0.0 |      15 |       0 |   0.0
            +---------+---------+-------+---------+---------+-------
        D:1 |      16 |       0 |   0.0 |       8 |       0 |   0.0
        D:2 |      35 |       0 |   0.0 |       7 |       0 |   0.0
            +---------+---------+-------+---------+---------+-------
